 Dungeon Crawl Stone Soup version 0.27.0-1-g7a089689b8 (webtiles) character file.

Game seed: 2639620465135808944

8726 dolemite99 the Cruncher (level 11, -8/86 HPs)
             Began as a Demonspawn Gladiator on Aug 1, 2021.
             Was a Believer of Uskayaw.
             Killed from afar by Erolcha (12 damage)
             ... with a bolt of acid
             ... on level 10 of the Dungeon.
             The game lasted 00:13:45 (11804 turns).

dolemite99 the Cruncher (Demonspawn Gladiator)     Turns: 11804, Time: 00:13:46

Health: -8/86      AC: 10    Str: 19    XL:     11   Next: 13%
Magic:  0/15       EV: 11    Int:  9    God:    Uskayaw [**....]
Gold:   614        SH: 16    Dex: 14    Spells: 10/10 levels left

rFire    . . .     SeeInvis .   a - +1 quarterstaff (drain)
rCold    . . .     Faith    .   (shield currently unavailable)
rNeg     . . .     Spirit   +   s - +0 plate armour
rPois    .         Reflect  .   c - +1 helmet
rElec    .         Harm     .   O - +0 cloak
rCorr    .         Rampage  .   d - +0 pair of gloves
Will     .....                  (boots unavailable)
Stlth    ..........             w - brooch of Shielding {Spirit SH+8}
HPRegen  0.24/turn              z - +4 ring of evasion
MPRegen  0.14/turn              F - +4 ring of protection

@: mighty, corroded, very slightly contaminated, invisible
A: hooves 3, large bone plates 3, spiny 2
a: Renounce Religion, Stomp, Line Pass


You were on level 10 of the Dungeon.
You worshipped Uskayaw.
Uskayaw was noncommittal.
You visited 1 branch of the dungeon, and saw 10 of its levels.

You collected 614 gold pieces.

Inventory:

Hand Weapons
 a - a +1 quarterstaff of draining (weapon)
 f - a +0 hunting sling
 u - a +0 vampiric short sword
 R - a +0 vorpal shortbow
Missiles
 p - 203 stones
 r - 165 sling bullets
 y - 108 arrows
 H - 103 bolts
 I - 21 poisoned darts (quivered)
Armour
 c - a +1 helmet (worn)
 d - a +0 pair of gloves (worn)
 s - a +0 plate armour (worn)
 O - a +0 cloak (worn)
Jewellery
 i - a ring of ice
 w - the brooch of Shielding (around neck) {Spirit SH+8}
   (You found it on level 4 of the Dungeon)

   [amulet of guardian spirit]

   It causes incoming damage to be divided between your reserves of health and
   magic.
   SH:        It affects your SH (+8).
 z - a +4 ring of evasion (left hand)
 F - a +4 ring of protection (right hand)
 G - a ring of magical power
 K - an amulet of regeneration
 L - a ring of ice
 S - a +6 ring of dexterity
Wands
 B - a wand of polymorph (18)
 M - a wand of mindburst (11)
 N - a wand of flame (23)
Scrolls
 b - a scroll of amnesia
 g - a scroll of acquirement {unknown}
 h - 4 scrolls of teleportation
 m - a scroll of torment
 n - 3 scrolls of fog
 C - 3 scrolls of fear
 Q - a scroll of identify {@r1}
Potions
 j - a potion of magic
 k - 2 potions of cancellation
 o - a potion of resistance {unknown}
 t - a potion of might
 v - a potion of attraction
 x - 2 potions of degeneration {unknown}
 D - a potion of brilliance {unknown}
 J - a potion of lignification {unknown}
 P - a potion of berserk rage {unknown}


   Skills:
 - Level 8.1 Fighting
 - Level 11.7 Staves
 - Level 1.7 Throwing
 + Level 7.2 Armour
 - Level 2.6 Dodging
 - Level 5.6 Invocations


You had 10 spell levels left.
You didn't know any spells.
Your spell library contained the following spells:

 Spells                   Type           Power      Damage    Failure   Level
 Blink                    Tloc           N/A        N/A       100%        2
 Corpse Rot               Necr/Air       N/A        N/A       100%        2
 Passwall                 Tmut/Erth      0%         N/A       100%        2
 Slow                     Hex            0%         N/A       100%        2
 Confusing Touch          Hex            0%         N/A       100%        3
 Swiftness                Air            0%         N/A       100%        3
 Tukima's Dance           Hex            0%         N/A       100%        3
 Vampiric Draining        Necr           0%         2d6       100%        3
 Dispel Undead            Necr           0%         3d6       100%        4
 Passage of Golubria      Tloc           N/A        N/A       100%        4
 Manifold Assault         Tloc           0%         N/A       100%        5
 Yara's Violent Unravell  Hex/Tmut       0%         3d3       100%        5
 Death Channel            Necr           0%         N/A       100%        6
 Invisibility             Hex            0%         N/A       100%        6
 Storm Form               Tmut/Air       0%         N/A       100%        7


Dungeon Overview and Level Annotations

Branches:
Dungeon (10/15)            Temple (0/1) D:4            Lair (0/6) D:10
    Orc: D:9-12

Altars:
Cheibriados
Kikubaaqudgha
Makhleb
Nemelex Xobeh
Okawaru
Qazlal
Trog
Uskayaw
Xom
Yredelemnul

Shops:
D:7 *

Annotations:
D:4 3 runed translucent doors, jejorda2's ghost, amateur DDSu
D:5 exclusion: downstairs
D:10 Erolcha


Innate Abilities, Weirdness & Mutations

You have hooves in place of feet.
You are completely covered in large bone plates. (SH +8)
You are mostly covered in sharp spines.


Message History

Erolcha gestures wildly while chanting.
Erolcha blinks!
You hit Erolcha but do no damage. You drain Erolcha.
You kick Erolcha, but do no damage.
Erolcha is moderately wounded.
You hit Erolcha. You kick Erolcha, but do no damage.
Erolcha is moderately wounded.
Erolcha barely misses you.
You sock Erolcha!
Erolcha is heavily wounded.
Erolcha drinks a potion.
Erolcha is healed!
You sock Erolcha! You drain Erolcha.
Erolcha is heavily wounded.
You can now pass through a line of other dancers.
You hit Erolcha but do no damage. You drain Erolcha. Your kick misses Erolcha.
Erolcha is heavily wounded.
Erolcha zaps a wand.
The bolt of acid hits you! The acid corrodes you!
You are splashed with acid!
You hit Erolcha but do no damage. You drain Erolcha.
Erolcha is heavily wounded.
Erolcha zaps a wand.
The bolt of acid hits you! The acid corrodes you!
You are splashed with acid!
* * * LOW HITPOINT WARNING * * *
You feel better.
Erolcha casts a spell.
Erolcha blinks!
Erolcha zaps a wand.
The bolt of acid hits you!
* * * LOW HITPOINT WARNING * * *
The acid corrodes you!
You are splashed with acid!
* * * LOW HITPOINT WARNING * * *
You see here 2 poisoned darts.
Okay, then.
You fade into invisibility!
Erolcha looks more healthy.
You are very lightly contaminated with residual magic.
Okay, then.
It was a potion of might.
You feel very mighty all of a sudden.
Erolcha zaps a wand.
The bolt of acid hits you!
You die...

.....#......#.)....#............
.....# #......#............
.....# ########............
.....# ............######..
.....### ###........### .
......... #.#........# .........
#.##########. .........
#.....(.O....
.........###....@....... .#
#...........(..... .#
+.....#######(.... .# #.....#
.(.. .# #....## ... .######....#
.. ...........####### .
..................
..................


You could see Erolcha (drained).

Vanquished Creatures
  3 two-headed ogres (D:10)
  Maurice (D:8)
  Joseph (D:8)
  An unseen horror (D:6)
  A komodo dragon (D:10)
  A troll (D:10)
  Prince Ribbit (D:9)
  A wyvern (D:7)
  3 steam dragons (D:8)
  Grum (D:8)
  2 acid dragons
  3 water moccasins
  A black bear (D:6)
  A sky beast (D:6)
  A hornet zombie (D:6)
  7 orc warriors
  5 necrophages
  An ogre (D:6)
  3 wolves (D:8)
  3 centaurs
  Blork the orc (D:4)
  A kobold brigand (D:9)
  2 bullfrogs
  3 water moccasin zombies
  4 howler monkeys
  3 centaur zombies
  2 hounds (D:5)
  7 orc priests
  2 bullfrog skeletons
  A centaur skeleton (D:6)
  An iguana (D:5)
  12 orc wizards
  A killer bee zombie (D:3)
  Robin (D:2)
  3 gnolls
  4 adders
  4 shadow imps
  A white imp (D:7)
  An adder skeleton (D:4)
  A dart slug (D:3)
  44 orcs
  5 ball pythons
  4 bats
  4 endoplasms
  A giant cockroach (D:2)
  5 hobgoblins (D:2)
  4 jackals
  2 quokkas
  3 frilled lizards
  10 goblins
  7 kobolds
  2 rats
187 creatures vanquished.

Vanquished Creatures (others)
  A demonic plant (D:1)
  5 fungi (D:8)
  3 plants (D:10)
  A withered plant (D:1)
10 creatures vanquished.

Grand Total: 197 creatures vanquished

Notes
Turn   | Place    | Note
-------+----------+-------------------------------------------
     0 | D:1      | dolemite99 the Demonspawn Gladiator began the quest for the
                  | Orb.
     0 | D:1      | Reached XP level 1. HP: 16/16 MP: 1/1
   313 | D:1      | Found a faded altar of an unknown god.
   326 | D:1      | Became a worshipper of Uskayaw the Reveller
   326 | D:1      | Reached * piety under Uskayaw
   355 | D:1      | Reached skill level 3 in Staves
   356 | D:1      | Reached ** piety under Uskayaw
   871 | D:2      | Gained mutation: You are partially covered in large bone
                  | plates. (SH +4) [demonic ancestry]
   871 | D:2      | Reached XP level 2. HP: 22/22 MP: 2/2
  1073 | D:2      | Noticed Robin
  1080 | D:2      | Gained mutation: You are partially covered in sharp spines.
                  | [demonic ancestry]
  1080 | D:2      | Reached XP level 3. HP: 18/27 MP: 3/3
  1081 | D:2      | Reached *** piety under Uskayaw
  1101 | D:2      | Reached skill level 4 in Staves
  1102 | D:2      | Reached **** piety under Uskayaw
  1108 | D:2      | Killed Robin
  1947 | D:3      | Gained mutation: You have large cloven feet. [demonic
                  | ancestry]
  1947 | D:3      | Reached XP level 4. HP: 24/33 MP: 4/4
  2326 | D:3      | Found an ancient bone altar of Kikubaaqudgha.
  2494 | D:3      | Found a snail-covered altar of Cheibriados.
  2534 | D:3      | Found a stormy altar of Qazlal.
  2536 | D:3      | Found an iron altar of Okawaru.
  3020 | D:3      | Reached skill level 5 in Staves
  3160 | D:4      | Found the brooch of Shielding {Spirit SH+8}
  3180 | D:3      | Reached XP level 5. HP: 23/38 MP: 5/5
  3583 | D:4      | Noticed Blork the orc
  3600 | D:4      | Killed Blork the orc
  3601 | D:4      | Reached skill level 6 in Staves
  3891 | D:4      | Found a runed translucent gate.
  3891 | D:4      | Found a runed translucent gate.
  3891 | D:4      | Found a runed translucent gate.
  3892 | D:4      | Noticed jejorda2's ghost (amateur DDSu)
  3913 | D:4      | Found a staircase to the Ecumenical Temple.
  4238 | D:5      | Entered Level 5 of the Dungeon
  4238 | D:5      | Noticed a necrophage
  4255 | D:4      | Killed a necrophage
  4256 | D:4      | Gained mutation: You have hoof-like feet. [demonic
                  | ancestry]
  4256 | D:4      | Reached XP level 6. HP: 33/44 MP: 6/6
  4343 | D:5      | Reached skill level 7 in Staves
  4632 | D:5      | Gained mutation: You have hooves in place of feet. [demonic
                  | ancestry]
  4632 | D:5      | Reached XP level 7. HP: 17/50 MP: 7/7
  5427 | D:5      | Found a burning altar of Makhleb.
  5540 | D:6      | Reached skill level 5 in Invocations
  6116 | D:5      | Reached skill level 8 in Staves
  6116 | D:5      | Gained mutation: You are mostly covered in sharp spines.
                  | [demonic ancestry]
  6116 | D:5      | Reached XP level 8. HP: 40/56 MP: 12/12
  6284 | D:6      | Found a basalt altar of Yredelemnul.
  6522 | D:6      | Killed an unseen horror
  6523 | D:6      | Reached skill level 9 in Staves
  6912 | D:7      | Reached skill level 10 in Staves
  6993 | D:7      | Gained mutation: You are mostly covered in large bone
                  | plates. (SH +6) [demonic ancestry]
  6993 | D:7      | Reached XP level 9. HP: 43/61 MP: 13/13
  6993 | D:7      | Reached ***** piety under Uskayaw
  7012 | D:7      | Reached ****** piety under Uskayaw
  7116 | D:7      | Found Jiunorph's Gadget Gallery.
  7250 | D:7      | Identified the +1 robe of Dongot {Slay+3}
  7770 | D:6      | Reached skill level 11 in Staves
  8245 | D:6      | Found a sparkling altar of Nemelex Xobeh.
  8907 | D:8      | Noticed Joseph
  8928 | D:8      | Killed Joseph
  9133 | D:8      | Noticed Grum
  9155 | D:8      | Killed Grum
  9156 | D:8      | Reached skill level 5 in Fighting
  9256 | D:8      | Gained mutation: You are completely covered in large bone
                  | plates. (SH +8) [demonic ancestry]
  9256 | D:8      | Reached XP level 10. HP: 75/75 MP: 14/14
  9421 | D:8      | Noticed Maurice
  9432 | D:8      | Killed Maurice
  9921 | D:9      | Noticed Prince Ribbit
  9933 | D:9      | Killed Prince Ribbit
  9965 | D:9      | Found a shimmering altar of Xom.
 10771 | D:9      | Reached skill level 1 in Armour
 10849 | D:9      | Found a hide-covered altar of Uskayaw.
 10970 | D:10     | Entered Level 10 of the Dungeon
 10982 | D:10     | Found a staircase to the Lair.
 11036 | D:10     | Noticed a two-headed ogre
 11048 | D:10     | Killed a two-headed ogre
 11120 | D:10     | Noticed a two-headed ogre
 11133 | D:10     | Killed a two-headed ogre
 11134 | D:10     | Reached skill level 5 in Armour
 11308 | D:10     | Found a bloodstained altar of Trog.
 11319 | D:10     | Noticed a two-headed ogre
 11336 | D:10     | Killed a two-headed ogre
 11337 | D:10     | Reached XP level 11. HP: 65/86 MP: 11/15
 11783 | D:10     | Noticed Erolcha
 11802 | D:10     | HP: 4/86 [acid (13)]
 11804 | D:10     | Killed from afar by Erolcha

Illustrated notes

Levels and vault maps discovered:
D:1:      co_arrival_square_in_a_square_in_a_square, layout_rooms,
          shapermc_ecumenical_altar_gd, minmay_tree_intersection,
          minmay_pentomino_u4
D:2:      layout_loops_ring, uniq_robin
D:3:      layout_basic, nicolae_overflow_hidden_temple,
          mainiacjoe_overflow_alcove_1, minmay_misc_feat_columns
D:4:      layout_cave_pools, minmay_temple_entry_butterflies,
          ebering_ghost_rock_garden, uniq_blork_the_orc
D:5:      layout_cave_pools, mainiacjoe_overflow_surrounded_room, minivault_4
D:6:      layout_rooms, lemuel_tele_altar, nicolae_overflow_crystal_walls,
          chequers_hall_statues_wall_a
D:7:      layout_basic, nicolae_shop_gadgets
D:8:      kennysheep_steamy, layout_basic, uniq_maurice, uniq_grum, uniq_joseph
D:9:      layout_big_octagon, xom_teletrap_fun, nicolae_uskayaw_dance_studio,
          nicolae_sextant, st_stairs_14, uniq_prince_ribbit1
D:10:     layout_irregular_city, trog_three_pillars_becter, david_lair_shrubbed,
          uniq_erolcha

Skill      XL: |  1  2  3  4  5  6  7  8  9 10 11 |
---------------+----------------------------------+-----
Staves         | 3 4 5 6 7 8 10 11 | 11.7
Invocations    | 5 |  5.6
Fighting       | 5 8 |  8.1
Armour         | 6 7 |  7.2
Throwing       | |  1.7
Dodging        | |  2.6

Action                   |  1- 3 |  4- 6 |  7- 9 | 10-12 || total
-------------------------+-------+-------+-------+-------++-------
Melee: Quarterstaff      |    78 |   107 |   200 |   156 ||   541
       Kick              |       |       |    73 |    47 ||   120
Throw: Throwing net      |     1 |     2 |       |     1 ||     4
       Dart              |       |     6 |    67 |    71 ||   144
Evoke: Wand              |       |       |       |     1 ||     1
  Use: Potion            |     2 |       |     2 |     3 ||     7
       Scroll            |       |     1 |    15 |     3 ||    19
 Stab: Sleeping          |     4 |       |       |       ||     4
       Paralysed         |       |     3 |     8 |     7 ||    18
       Held in net/web   |       |     1 |       |       ||     1
Armor: Leather armour    |    18 |       |       |       ||    18
       Scale mail        |     7 |       |       |       ||     7
       Plate armour      |       |    88 |   109 |    46 ||   243
Dodge: Dodged            |    40 |    33 |    35 |    32 ||   140
Block: Other             |    14 |    21 |    93 |    91 ||   219
